 Dungeon Crawl Stone Soup version 0.23-a0-143-g1adec7b (webtiles) character file.

925 Amnesiac the Chiller (level 7, -11/46 HPs)
             Began as a Mummy Ice Elementalist on Sept 7, 2018.
             Mangled by an ogre
             ... wielding a +0 giant club
              (28 damage)
             ... on level 6 of the Dungeon.
             The game lasted 00:10:54 (4737 turns).

Amnesiac the Chiller (Mummy Ice Elementalist)       Turns: 4737, Time: 00:10:55

Health: -11/46     AC:  4    Str: 11    XL:     7   Next: 84%
Magic:  0/16       EV: 11    Int: 16    God:
Gold:   277        SH:  0    Dex: 13    Spells: 4/18 levels left

rFire    . . .     SeeInvis .   b - +3 flail (drain)
rCold    + . .     Gourm    .   (no shield)
rNeg     + + +     Faith    .   l - +1 leather armour {rF+}
rPois    ∞         Spirit   .   (no helmet)
rElec    .         Reflect  .   (no cloak)
rCorr    .         Harm     .   (no gloves)
MR       .....                  (no boots)
Stlth    ++........             (no amulet)
HPRegen  0.15/turn              (no ring)
MPRegen  0.15/turn              (no ring)

@: very slightly contaminated
A: no food or potions, fire vulnerability, cold resistance 1, negative energy
resistance 3, torment resistance, unbreathing
a: no special abilities


You were on level 6 of the Dungeon.
You were not hungry.

You visited 1 branch of the dungeon, and saw 6 of its levels.
You also visited: Sewer.

You collected 277 gold pieces.

Inventory:

Hand Weapons
 a - a +0 long sword
 b - a +3 flail of draining (weapon)
Armour
 c - a +0 ring mail
 d - a +0 robe
 l - a +1 leather armour of fire resistance (worn)
 m - a +0 pair of boots
Scrolls
 e - a scroll of fear {!r}
 f - 2 scrolls of teleportation {!r}
 g - a scroll of remove curse {!r, unknown}
 h - a scroll of immolation {!r, unknown}
 i - a scroll of magic mapping {!r, unknown}
 j - 3 scrolls of enchant armour {!r, unknown}
 k - a scroll of amnesia {!r, unknown}


   Skills:
 - Level 1.5 Dodging
 - Level 1.5 Stealth
 - Level 6.0 Spellcasting
 + Level 3.2 Conjurations
 - Level 6.1 Ice Magic


You had 4 spell levels left.
You knew the following spells:

 Your Spells              Type           Power        Failure   Level  Hunger
a - Freeze                Ice            ###.         1%          1    N/A
b - Throw Frost           Conj/Ice       ###...       4%          2    N/A
c - Summon Ice Beast      Ice/Summ       ##......     45%         4    N/A
d - Throw Icicle          Conj/Ice       ###.....     26%         4    N/A
z - Ozocubu's Armour      Chrm/Ice       ##......     16%         3    N/A

Your spell library contained the following spells:

 Spells                   Type           Power        Failure   Level  Hunger
 Shock                    Conj/Air       ##..         10%         1    N/A
 Sticks to Snakes         Tmut           #.......     26%         2    N/A
 Swiftness                Chrm/Air       #.......     26%         2    N/A
 Static Discharge         Conj/Air       ##......     28%         3    N/A
 Airstrike                Air            #.........   87%         4    N/A
 Lightning Bolt           Conj/Air       ##........   95%         5    N/A
 Beastly Appendage        Tmut           Unusable     N/A         1    N/A
 Ice Form                 Ice/Tmut       Unusable     N/A         4    N/A
 Spider Form              Tmut/Pois      Unusable     N/A         3    N/A
 Blade Hands              Tmut           Unusable     N/A         5    N/A

Dungeon Overview and Level Annotations

Branches:
Dungeon (6/15)
 Temple: D:4-7

Altars:
Ru
Sif Muna

Annotations:
D:4 1 runed door, Menkaure; kirsanium's ghost, novice MiGl


Innate Abilities, Weirdness & Mutations

You do not eat or drink.
Your flesh is vulnerable to fire.
You are immune to poison.
Your flesh is cold resistant. (rC+)
You are immune to negative energy. (rN+++)
You are immune to unholy pain and torment.
You can survive without breathing.


Message History

Unknown command.
Casting: Throw Icicle (quite dangerous; 26% risk of failure)
Confirm with . or Enter, or press ? or * to list all spells.
Aiming: Throw Icicle (quite dangerous; 26% risk of failure)
Press: ? - help, Shift-Dir - straight line, f/p - ogre
Aim: an ogre, wielding a giant club (lightly wounded)
You miscast Throw Icicle.
You are very lightly contaminated with residual magic.
You are momentarily dazzled by a flash of light!
Unknown command.
Casting: Throw Icicle (quite dangerous; 26% risk of failure)
Confirm with . or Enter, or press ? or * to list all spells.
Aiming: Throw Icicle (quite dangerous; 26% risk of failure)
Press: ? - help, Shift-Dir - straight line, f/p - ogre
Aim: an ogre, wielding a giant club (lightly wounded)
You miscast Throw Icicle.
You are covered in a thin layer of ice.
The ogre hits you with a giant club.
The worker ant bites you but does no damage.
Unknown command.
Casting: Throw Icicle (quite dangerous; 26% risk of failure)
Confirm with . or Enter, or press ? or * to list all spells.
Aiming: Throw Icicle (quite dangerous; 26% risk of failure)
Press: ? - help, Shift-Dir - straight line, f/p - ogre
Aim: an ogre, wielding a giant club (lightly wounded)
The shard of ice hits the ogre.
The ogre is heavily wounded.
The worker ant bites you. The ogre barely misses you.
The worker ant closely misses you. The worker ant bites you.
The worker ant bites you.
You open the door. The worker ant bites you.
There is an open door here.
You closely miss the worker ant. The worker ant misses you.
The worker ant closely misses you.
You barely miss the worker ant. The worker ant misses you.
The worker ant closely misses you.
You barely miss the worker ant. The worker ant bites you.
* * * LOW HITPOINT WARNING * * *
You closely miss the worker ant. The worker ant bites you.
* * * LOW HITPOINT WARNING * * *
The worker ant bites you.
* * * LOW HITPOINT WARNING * * *
You hit the worker ant but do no damage.
The worker ant closely misses you. x2
Casting: Throw Icicle (quite dangerous; 26% risk of failure)
Confirm with . or Enter, or press ? or * to list all spells.
Aiming: Freeze (safe; 1% risk of failure)
Press: ? - help, Shift-Dir - straight line, f - worker ant, p - ogre
Aim: a worker ant You freeze the worker ant.
The worker ant is severely wounded.
The worker ant closely misses you.
Casting: Freeze (safe; 1% risk of failure)
Confirm with . or Enter, or press ? or * to list all spells.
Aiming: Freeze (safe; 1% risk of failure)
Press: ? - help, Shift-Dir - straight line, f/p - worker ant
Aim: a worker ant (severely wounded)
You freeze the worker ant.
You kill the worker ant!
You sock the ogre!
The ogre is severely wounded.
The ogre hits you with a giant club!!
Ouch! That really hurt!
You die...

.# .# .# .##
####.. #...# ###
###.####...#####<#
#.....@Oa..†.....+
#....###...#####.#
#... #..........#
....
.............# ...
...#..........a ..
....#........... #
### #............
#....#####..? $.
#....


You could see an ogre and a worker ant.

Vanquished Creatures
  Eustachio (D:4)
  Edmund (D:4)
  A black bear (D:5)
  2 scorpions (D:5)
  A jelly (D:5)
  A howler monkey (D:4)
  2 hounds
  An orc priest (D:3)
  A bullfrog skeleton (D:4)
  4 worker ants
  A hound zombie (D:5)
  6 adders
  An ooze (D:5)
  An adder zombie (D:5)
  3 worms
  4 leopard geckos
  22 orcs
  3 ball pythons
  2 giant cockroaches
  4 goblins
  6 hobgoblins
  10 jackals
  A quokka (D:3)
  12 bats
  3 frilled lizards
  A giant cockroach zombie (D:5)
  5 kobolds
  2 rats (D:3)
102 creatures vanquished.

Notes
Turn   | Place    | Note
-------+----------+-------------------------------------------
     0 | D:1      | Amnesiac the Mummy Ice Elementalist began the quest for the
                  | Orb.
     0 | D:1      | Reached XP level 1. HP: 13/13 MP: 4/4
   199 | D:2      | Reached XP level 2. HP: 17/19 MP: 1/5
   499 | D:3      | Reached XP level 3. HP: 23/24 MP: 2/7
   607 | D:3      | Learned a level 3 spell: Ozocubu's Armour
   726 | D:3      | Found a glowing drain.
   749 | Sewer    | Entered a sewer
   807 | Sewer    | Learned a level 2 spell: Throw Frost
  1341 | D:3      | Reached XP level 4. HP: 23/30 MP: 0/9
  1998 | D:4      | Noticed an ogre
  2243 | D:3      | Reached XP level 5. HP: 19/35 MP: 7/11
  2520 | D:4      | Noticed Edmund
  2782 | D:4      | Killed Edmund
  2782 | D:4      | Reached skill level 5 in Ice Magic
  2782 | D:4      | Reached XP level 6. HP: 3/41 MP: 0/13
  2788 | D:4      | Learned a level 4 spell: Throw Icicle
  2793 | D:4      | Learned a level 4 spell: Summon Ice Beast
  3057 | D:4      | Reached skill level 5 in Spellcasting
  3206 | D:4      | Noticed Eustachio
  3217 | D:4      | Killed Eustachio
  3223 | D:4      | Reached XP level 7. HP: 23/46 MP: 1/15
  3482 | D:5      | Entered Level 5 of the Dungeon
  3533 | D:4      | Found a runed door.
  3533 | D:4      | Noticed kirsanium's ghost (novice MiGl)
  3599 | D:4      | Noticed Menkaure
  3914 | D:5      | Found a deep blue altar of Sif Muna.
  3969 | D:5      | Reached skill level 1 in Conjurations
  4280 | D:5      | Found a sacrificial altar of Ru.
  4737 | D:6      | Mangled by an ogre

Vault maps used:
D:1:      minmay_arrival_stone_box
D:2:      minmay_diamond_boxcup
D:3:      cheibrodos_sewer_entry_bend, grunt_decor_mini_mirrors
D:4:      gammafunk_ghost_grave, uniq_edmund, uniq_menkaure, uniq_eustachio
D:5:      black_bear_nest_2, nicolae_ru_the_path_less_chosen, first_ration,
          basic_altar
D:6:      minmay_temple_entry_glass
Sewer:    sewer_fruit_machine

Skill      XL: |  1  2  3  4  5  6  7 |
---------------+----------------------+-----
Ice Magic      | 3 4 5 6 |  6.1
Spellcasting   | 3 4 5 6 |  6.0
Conjurations   | 3 |  3.2
Dodging        | |  1.5
Stealth        | |  1.5

Action                   |  1- 3 |  4- 6 |  7- 9 || total
-------------------------+-------+-------+-------++-------
Melee: Unarmed           |     2 |       |       ||     2
       Long sword        |    18 |    21 |     9 ||    48
       Flail             |       |       |    11 ||    11
 Cast: Freeze            |    75 |    65 |    50 ||   190
       Throw Frost       |     3 |       |       ||     3
       Ozocubu's Armour  |     2 |     2 |     1 ||     5
       Throw Icicle      |       |       |     4 ||     4
  Use: Scroll            |     3 |       |       ||     3
Armor: Robe              |    22 |    11 |     7 ||    40
       Leather armour    |       |       |     5 ||     5
Dodge: Dodged            |    61 |    59 |    46 ||   166
       Rpst.: Long sword |    23 |    19 |    13 ||    55

Table legend:
 A = Non-vault XP
 B = Vault XP
 C = Vault XP percentage of total XP
 D = Non-vault monster count
 E = Vault monster count
 F = Vault count percentage of total count
                 A         B        C        D         E       F
            +---------+---------+-------+---------+---------+-------
      Total |     792 |     530 |  40.1 |      80 |      22 |  21.6
            +---------+---------+-------+---------+---------+-------
        D:1 |       5 |       0 |   0.0 |       3 |       0 |   0.0
        D:2 |      28 |       0 |   0.0 |      10 |       0 |   0.0
        D:3 |     120 |      10 |   7.7 |      32 |       2 |   5.9
        D:4 |     226 |     365 |  61.8 |      12 |       2 |  14.3
        D:5 |     375 |     124 |  24.8 |      20 |       1 |   4.8
        D:6 |      38 |       0 |   0.0 |       3 |       0 |   0.0
      Sewer |       0 |      31 | 100.0 |       0 |      17 | 100.0
            +---------+---------+-------+---------+---------+-------
